 Dungeon Crawl Stone Soup version 0.23-a0-643-g9ccc95a (webtiles) character file.

78 zishaf the Chucker (level 4, 0/42 HPs)
             Began as a Troll Hunter on Dec 31, 2018.
             Was an Initiate of Qazlal.
             Slain by a goblin
             ... wielding a +0 dagger
             ... led by Robin
              (3 damage)
             ... on level 2 of the Dungeon.
             The game lasted 00:02:30 (1029 turns).

zishaf the Chucker (Troll Hunter)                   Turns: 1029, Time: 00:02:31

Health: 0/42       AC:  5    Str: 20    XL:     4   Next: 15%
Magic:  3/3        EV: 10    Int:  7    God:    Qazlal [......]
Gold:   75         SH:  0    Dex: 11    Spells: 3/3 levels left

rFire    . . .     SeeInvis .     - Unarmed
rCold    . . .     Gourm    +   (no shield)
rNeg     . . .     Faith    .   b - +0 robe
rPois    .         Spirit   .   (helmet restricted)
rElec    .         Reflect  .   (no cloak)
rCorr    .         Harm     .   (gloves unavailable)
MR       .....                  (boots unavailable)
Stlth    +.........             (no amulet)
HPRegen  0.54/turn              (no ring)
MPRegen  0.08/turn              (no ring)

@: no status effects
A: large, unfitting armour, claws 3, fast metabolism 3, gourmand, regeneration
1, shaggy fur 1, tough skin 2
a: Renounce Religion


You were on level 2 of the Dungeon.
You worshipped Qazlal.
Qazlal was noncommittal.
You were completely stuffed.

You visited 1 branch of the dungeon, and saw 2 of its levels.

You collected 75 gold pieces.

Inventory:

Hand Weapons
 a - a +2 hunting sling of velocity
Missiles
 c - 5 large rocks
 d - 2 throwing nets {!f}
 j - 12 poisoned needles
 k - 6 tomahawks (quivered)
 m - 6 stones
 n - 23 sling bullets
Armour
 b - a +0 robe (worn)
Scrolls
 e - a scroll of teleportation {unknown}
 h - a scroll of enchant armour {unknown}
 l - a scroll of enchant weapon {unknown}
 p - a scroll of remove curse {unknown}
Potions
 i - a potion of curing {unknown}
 o - a potion of brilliance {unknown}
Comestibles
 f - 4 rations
 g - 3 chunks of flesh


   Skills:
 + Level 2.1 Fighting
 + Level 4.0 Throwing
 + Level 2.1 Dodging
 - Level 0.3 Stealth
 * Level 2.2 Unarmed Combat


You had 3 spell levels left.
You didn't know any spells.
Your spell library was empty.

Dungeon Overview and Level Annotations

Branches:
Dungeon (2/15)

Altars:
Qazlal

Annotations:
D:2 Robin


Innate Abilities, Weirdness & Mutations

You are too large for most types of armour.
You have claws for hands.
Your metabolism is lightning-fast.
You like to eat raw meat.
Your natural rate of healing is unusually fast.
You are covered in fur. (AC +1)
You have very tough skin. (AC +2)


Message History

Your Throwing skill increases to level 4!
The goblin closely misses you. The goblin hits you with a +0 dagger.
Robin says, "My army is invincible!"
Robin throws the goblin at you! The goblin barely misses you.
The hobgoblin hits you but does no damage.
You closely miss the goblin. The goblin hits you but does no damage.
The goblin misses you. The goblin hits you but does no damage.
The goblin hits you with a +0 dagger.
The hobgoblin hits you from afar with a +0 spear.
* * * LOW HITPOINT WARNING * * *
You claw the goblin!
You kill the goblin!
Qazlal accepts your kill. The goblin hits you.
* * * LOW HITPOINT WARNING * * *
The goblin hits you but does no damage. x2
The hobgoblin hits you from afar with a +0 spear.
* * * LOW HITPOINT WARNING * * *
The goblin hits you with a +0 dagger.
You die...

#....# #....#
###....## ..#.....#
..#.....# ###########
..#.###.###.........#
<.#.###.............#
.............>......#
.......##.######@####
..#######.# #gg# ..#
#.. #g)# ..# ####
#gl# ..# .Sg.. ###
...#### ...## ...
#.(( ... #...


You could see Robin, an adder, a hobgoblin, 3 goblins and a frilled lizard.

Vanquished Creatures
  An adder (D:2)
  A gnoll (D:1)
  An ooze (D:1)
  A worm (D:1)
  A dart slug (D:1)
  An orc (D:2)
  6 bats (D:1)
  13 goblins
  8 hobgoblins
  A quokka (D:1)
  2 ball pythons
  2 frilled lizards
  2 kobolds (D:1)
  4 rats (D:1)
44 creatures vanquished.

Vanquished Creatures (others)
  A hobgoblin (D:2)
1 creature vanquished.

Grand Total: 45 creatures vanquished

Notes
Turn   | Place    | Note
-------+----------+-------------------------------------------
     0 | D:1      | zishaf the Troll Hunter began the quest for the Orb.
     0 | D:1      | Reached XP level 1. HP: 19/19 MP: 0/0
    15 | D:1      | Reached skill level 1 in Unarmed Combat
    15 | D:1      | Reached XP level 2. HP: 4/28 MP: 1/1
   312 | D:1      | Reached XP level 3. HP: 35/35 MP: 2/2
   838 | D:2      | Found a stormy altar of Qazlal.
   918 | D:2      | Became a worshipper of Qazlal Stormbringer
  1012 | D:2      | Reached XP level 4. HP: 40/42 MP: 3/3
  1017 | D:2      | Noticed Robin
  1026 | D:2      | Reached skill level 4 in Throwing
  1029 | D:2      | Slain by a goblin

Vault maps used:
D:1:      dpeg_arrival_erosion
D:2:      nicolae_qazlal_eye_of_the_storm, minmay_tetromino_i4, uniq_robin

Skill      XL: |  1  2  3  4 |
---------------+-------------+-----
Unarmed Combat | 1 2 |  2.2
Dodging        | 2 |  2.1
Fighting       | 2 |  2.1
Throwing       | 4 |  4.0
Stealth        | |  0.3

Action                   |  1- 3 |  4- 6 || total
-------------------------+-------+-------++-------
Melee: Unarmed           |    67 |    12 ||    79
 Fire: Hunting sling     |    17 |       ||    17
Throw: Large rock        |     1 |       ||     1
  Eat: Chunk             |    15 |       ||    15
Armor: Robe              |    25 |     7 ||    32
Dodge: Dodged            |    33 |     9 ||    42

Table legend:
 A = Non-vault XP
 B = Vault XP
 C = Vault XP percentage of total XP
 D = Non-vault monster count
 E = Vault monster count
 F = Vault count percentage of total count
                 A         B        C        D         E       F
            +---------+---------+-------+---------+---------+-------
      Total |      89 |      23 |  20.5 |      34 |      10 |  22.7
            +---------+---------+-------+---------+---------+-------
        D:1 |      67 |       7 |   9.5 |      29 |       2 |   6.5
        D:2 |      22 |      16 |  42.1 |       5 |       8 |  61.5
            +---------+---------+-------+---------+---------+-------
